 Dungeon Crawl Stone Soup version 0.17-a0-1093-g0b3cd89 (webtiles) character file.

9951 inmateoo the Cruncher (level 11, -5/95 HPs)
             Began as a Black Draconian Gladiator on May 20, 2015.
             Was a High Priest of Okawaru.
             Slain by an iron golem (20 damage)
             ... on level 9 of the Dungeon.
             The game lasted 00:22:46 (11612 turns).

inmateoo the Cruncher (Black Draconian Gladiator)  Turns: 11612, Time: 00:22:47

Health: -5/95      AC: 15    Str: 23    XL:     11   Next: 29%
Magic:  16/16      EV: 18    Int: 13    God:    Okawaru [*****.]
Gold:   211        SH:  0    Dex: 19    Spells: 4 memorised, 9 levels left

rFire  + . .     SeeInvis .     q - +5 quarterstaff of Popular Demand {drain, Str+5}
rCold  + . .     Clarity  .     (armour unavailable)
rNeg   + . .     SustAb   .     (no shield)
rPois  .         Gourm    .     r - +2 hat
rElec  +         Spirit   .     E - +2 cloak
rCorr  .         Warding  +     (no gloves)
rMut   .         Rnd*Tele +     B - +2 pair of boots
MR     .....                    P - amulet "Keclyl" {Ward rF+ rN+}
Stlth  ++........               K - +4 ring of dexterity
                                h - +5 ring of slaying

@: brilliant, flying, very slightly contaminated, invisible (expiring), not
resistant to hostile enchantments, unstealthy
A: breathe lightning, unfitting armour, cold resistance 1, deterioration 1,
electricity resistance, slow healing 1, teleportitis 1, cold-blooded, AC +7
a: Breathe Lightning, Heroism, Finesse, Renounce Religion


You were on level 9 of the Dungeon.
You worshipped Okawaru.
Okawaru was extremely pleased with you.
You were full.

You visited 2 branches of the dungeon, and saw 12 of its levels.
You also visited: Sewer.

You collected 651 gold pieces.
You spent 440 gold pieces at shops.

Inventory:

Hand weapons
 q - the +5 quarterstaff of Popular Demand (weapon) {drain, Str+5}
   (You found it on level 10 of the Dungeon)

   A truly terrible weapon, it drains the life of those it strikes.
   It affects your strength (+5).
 y - a +0 blowgun
Missiles
 z - 18 poisoned needles
 M - 5 steel javelins (quivered)
 R - 5 javelins of returning
Armour
 r - a +2 hat (worn)
 B - a +2 pair of boots (worn)
 E - a +2 cloak (worn)
Magical staves
 C - an uncursed staff of power
Jewellery
 g - a +2 ring of protection
 h - a +5 ring of slaying (left hand)
 l - an uncursed amulet of stasis
 t - an uncursed ring of wizardry
 u - an uncursed amulet of resist corrosion
 H - an uncursed ring of teleportation
 K - a +4 ring of dexterity (right hand)
 P - the amulet "Keclyl" (around neck) {Ward rF+ rN+}
   (You found it on level 8 of the Dungeon)

   [amulet of warding]

   It may prevent the melee attacks of summoned creatures.
   It protects you from fire.
   It protects you from negative energy.
 S - an uncursed ring of stealth
Magical devices
 c - a wand of disintegration (14)
 m - a wand of random effects (25)
 I - a wand of polymorph (16)
 J - a wand of lightning (6)
 L - a wand of random effects (25)
Scrolls
 b - a scroll of amnesia
 s - a scroll of teleportation
 D - a scroll of magic mapping
 F - 2 scrolls of recharging
 G - 6 scrolls of remove curse
 Q - a scroll of enchant armour
Potions
 e - 2 potions of cure mutation
 f - 3 potions of cancellation
 i - 2 potions of curing
 k - 3 potions of might
 v - 2 potions of agility
 w - 4 potions of flight
 x - 2 potions of magic
Books
 a - a book of Burglary

   Spells                             Type                      Level
   a - Swiftness                      Charms/Air                   2
   b - Passwall                       Transmutation/Earth          3
   c - Passage of Golubria            Translocation                4
   d - Lee's Rapid Deconstruction     Earth                        5
   e - Invisibility                   Hexes                        6
   f - Darkness                       Hexes                        7
 A - a book of Enchantments

   Spells                             Type                      Level
   a - Cause Fear                     Hexes                        4
   b - Silence                        Hexes/Air                    5
   c - Deflect Missiles               Charms/Air                   6
   d - Haste                          Charms                       6
   e - Discord                        Hexes                        8
 O - a book of Battle

   Spells                             Type                      Level
   a - Infusion                       Charms                       1
   b - Shroud of Golubria             Charms/Translocation         2
   c - Song of Slaying                Charms                       2
   d - Spectral Weapon                Hexes/Charms                 3
   e - Regeneration                   Charms/Necromancy            3
Miscellaneous
 T - an ornate deck of summoning
Comestibles
 d - 13 bread rations
 j - 6 meat rations
 o - 12 fruits


   Skills:
 + Level 8.7 Fighting
 * Level 11.0 Staves
 + Level 7.0 Throwing
 + Level 7.6 Dodging
 + Level 3.5 Spellcasting
 + Level 3.3 Charms


You had 9 spell levels left.
You knew the following spells:

 Your Spells              Type           Power        Failure   Level  Hunger
a - Infusion              Chrm           ###...       1%          1    #......
b - Shroud of Golubria    Chrm/Tloc      ##........   2%          2    ##.....
c - Song of Slaying       Chrm           ###.....     1%          2    ##.....
d - Regeneration          Chrm/Necr      ##........   4%          3    ###....


Dungeon Overview and Level Annotations

Branches:
Dungeon (11/15)            Temple (1/1) D:4            Lair (0/8) D:8
    Orc (0/4) D:9

Altars:
Ashenzari
Cheibriados
Dithmenos
Elyvilon
Fedhas
Gozag
Kikubaaqudgha
Makhleb
Nemelex Xobeh
Okawaru
Qazlal
Ru
Sif Muna
Trog
Vehumet
Xom
Yredelemnul
Zin
The Shining One

Shops:
D:8 :


Innate Abilities, Weirdness & Mutations

You can breathe wild blasts of lightning.
Your glossy black scales are hard (AC +7).
Your body does not fit into most forms of armour.
You are resistant to electric shocks.
You are cold-blooded and may be slowed by cold attacks.
Your flesh is cold resistant.
Your body sometimes deteriorates upon taking damage.
You heal slowly when monsters are visible.
You are occasionally teleported to nearby monsters.


Message History

You finish eating.
That royal jelly was delicious!
Eat which item? (? for menu, Esc to quit)
You continue eating. x2
You finish eating.
That meat ration really hit the spot!
Drink which item? (? for menu, Esc to quit)
It was a potion of flight.
You feel very buoyant.
You fly up into the air.
You feel a little less mighty now.
Drink which item? (? for menu, Esc to quit)
It was a potion of brilliance.
You feel clever all of a sudden.
You flicker for a moment.
You start resting.
An iron golem is nearby!
You hit the iron golem.
The iron golem is severely damaged.
You thump the iron golem! You tail-slap the iron golem.
The iron golem is severely damaged.
The iron golem hits you!!
You die...

# ## ####
.######..##
.....#....# ###
####......## ###
#.# ######.....#
###.# ##.# ...#
#.....# ##.8.# #..#
##.# #.....# #.@#.#
#.## #.# ##..#.#
#.##.# #.# ##.#
####.# #.##.# #.#
...### #.# #.#..#
#.# >#...###
#.####.#.## #.#
####...###8.....#.#
#.#
###......>####.#
#.#
#..####)####.###
##.# ###..#
#....8...###^.#


You could see an iron golem.

Vanquished Creatures
  An iron golem (D:10)
  The ghost of HEYYEYAAE the Ducker, an experienced OpFi of Ru (D:8)
  A hill giant (D:9)
  An unseen horror (D:11)
  2 ugly things (D:11)
  Grinder (D:6)
  A spriggan (D:11)
  3 hippogriffs
  6 yaks (D:11)
  A black bear (D:7)
  2 phantoms
  4 sky beasts
  3 ice beasts
  3 orc warriors
  5 ogres
  2 centaurs
  2 necrophages
  The ghost of HEYYEYAAE the Ducker, an average OpFi (D:3)
  7 giant frogs
  A wyvern zombie (D:10)
  4 scorpions
  4 killer bees (D:7)
  4 wights (D:8)
  7 crimson imps
  A giant frog zombie (D:10)
  5 hounds
  An iguana (D:6)
  6 orc priests
  3 jellies
  3 centaur skeletons
  Ijyb (D:3)
  A giant frog skeleton (D:11)
  7 orc wizards
  10 worker ants
  3 hound zombies
  2 hound skeletons
  A river rat (D:3)
  13 adders
  A gnoll (D:1)
  5 shadow imps
  7 oozes
  An adder skeleton (D:6)
  7 worms
  8 giant geckos
  27 orcs
  4 ball pythons
  A bat skeleton (D:7)
  7 giant cockroaches
  12 hobgoblins
  21 jackals
  20 bats
  9 giant newts
  11 goblins
  A jackal skeleton (D:7)
  2 jackal zombies (D:5)
  14 kobolds
  4 quokkas
  2 quokka skeletons
  18 rats
306 creatures vanquished.

Vanquished Creatures (others)
  A deep elf mage (D:11)
1 creature vanquished.

Grand Total: 307 creatures vanquished

Notes
Turn   | Place    | Note
--------------------------------------------------------------
     0 | D:1      | inmateoo the Draconian Gladiator began the quest for the Orb.
     0 | D:1      | Reached XP level 1. HP: 17/17 MP: 1/1
    51 | D:1      | Reached XP level 2. HP: 12/25 MP: 2/2
   240 | D:1      | You fall through a shaft!
   570 | D:2      | Reached XP level 3. HP: 22/30 MP: 3/3
  1522 | D:2      | Reached XP level 4. HP: 37/37 MP: 4/4
  1989 | D:2      | Reached skill level 4 in Staves
  2257 | D:3      | Noticed Ijyb
  2280 | D:3      | Killed Ijyb
  2280 | D:3      | Reached XP level 5. HP: 34/45 MP: 5/5
  2489 | D:3      | Found a glowing drain.
  2558 | Sewer    | Entered a sewer
  3791 | D:3      | Noticed HEYYEYAAE's ghost (average OpFi)
  3801 | D:3      | Killed HEYYEYAAE's ghost
  3801 | D:3      | Reached XP level 6. HP: 38/51 MP: 6/6
  3886 | D:4      | Reached skill level 5 in Staves
  3959 | D:4      | Found a staircase to the Ecumenical Temple.
  3981 | Temple   | Entered the Ecumenical Temple
  4020 | Temple   | Became a worshipper of Warmaster Okawaru
  4149 | D:4      | Your scales start taking on a glossy black colour.
  4149 | D:4      | Gained mutation: You are resistant to electric shocks. [Black Draconian growth]
  4149 | D:4      | Reached XP level 7. HP: 56/59 MP: 7/7
  4945 | D:5      | Entered Level 5 of the Dungeon
  5193 | D:5      | Reached skill level 6 in Staves
  5216 | D:5      | Acquired Okawaru's first power
  5553 | D:4      | Reached XP level 8. HP: 22/67 MP: 8/8
  5806 | D:5      | Reached skill level 5 in Fighting
  5870 | D:6      | Reached skill level 5 in Dodging
  5888 | D:6      | Noticed Grinder
  5891 | D:6      | Paralysed by Grinder for 7 turns
  5905 | D:6      | Killed Grinder
  5905 | D:6      | Reached skill level 7 in Staves
  6535 | D:7      | Reached skill level 5 in Throwing
  6682 | D:7      | Reached skill level 8 in Staves
  6682 | D:7      | Reached XP level 9. HP: 50/75 MP: 9/9
  7855 | D:8      | Noticed HEYYEYAAE's ghost (experienced OpFi)
  7874 | D:8      | Killed HEYYEYAAE's ghost
  7874 | D:8      | Reached skill level 9 in Staves
  7967 | D:8      | Found a radiant altar of Vehumet.
  7973 | D:8      | Found a sacrificial altar of Ru.
  7976 | D:8      | Found a sparkling altar of Nemelex Xobeh.
  8342 | D:8      | Found a staircase to the Lair.
  8393 | D:8      | Found Zoph's Book Boutique.
  8401 | D:8      | Bought a book of Battle for 440 gold pieces
  8403 | D:8      | Learned a level 1 spell: Infusion
  8406 | D:8      | Learned a level 2 spell: Shroud of Golubria
  8409 | D:8      | Learned a level 2 spell: Song of Slaying
  8413 | D:8      | Learned a level 3 spell: Regeneration
  8433 | D:8      | Got a bound graven amulet
  8551 | D:8      | Reached XP level 10. HP: 79/86 MP: 9/11
  8676 | D:8      | Identified the amulet "Keclyl" {Ward rF+ rN+} (You found it on level 8 of the Dungeon)
  8946 | D:8      | Reached skill level 1 in Spellcasting
  9275 | D:9      | Found a staircase to the Orcish Mines.
  9437 | D:9      | You fall through a shaft for 2 floors!
  9474 | D:11     | Reached skill level 1 in Charms
  9519 | D:11     | Received a gift from Okawaru
  9519 | D:11     | Reached skill level 10 in Staves
  9565 | D:11     | Noticed a red ugly thing
  9580 | D:11     | Killed a red ugly thing
  9767 | D:11     | Noticed a red ugly thing
  9777 | D:11     | Killed a red ugly thing
  9783 | D:11     | Gained mutation: Your flesh is cold resistant. [mutagenic meat]
  9784 | D:11     | Gained mutation: Your body sometimes deteriorates upon taking damage. [mutagenic meat]
  9890 | D:11     | Received a gift from Okawaru
 10076 | D:11     | Acquired Okawaru's second power
 10088 | D:11     | Killed an unseen horror
 10088 | D:11     | Received a gift from Okawaru
 10088 | D:11     | Reached XP level 11. HP: 37/95 MP: 15/15
 10337 | D:11     | Found a deep blue altar of Sif Muna.
 10371 | D:10     | Entered Level 10 of the Dungeon
 10376 | D:10     | Noticed a hill giant
 10384 | D:10     | Noticed an iron golem
 10386 | D:10     | Noticed an iron golem
 10386 | D:10     | Noticed an iron golem
 10388 | D:10     | Noticed an iron golem
 10846 | D:10     | Gained mutation: You heal slowly when monsters are visible. [mutagenic meat]
 10847 | D:10     | Gained mutation: You are occasionally teleported to nearby monsters. [mutagenic meat]
 10958 | D:10     | Got a brightly glowing quarterstaff
 10959 | D:10     | Identified the +5 quarterstaff of Popular Demand {drain, Str+5} (You found it on level 10 of the Dungeon)
 11570 | D:10     | Killed an iron golem
 11570 | D:10     | Reached skill level 11 in Staves
 11587 | D:9      | Killed a hill giant
 11612 | D:9      | Slain by an iron golem

Vault maps used:
D:1:      dpeg_arrival_simpleton_b
D:3:      portal_sewer_entry_a, st_stairs_8, uniq_iyjb
D:4:      minmay_temple_entry_crystal_x, kennysheep_decorative_pillar,
          dk_noncrumbling_3
D:5:      first_bread
D:6:      uniq_grinder
D:7:      serial_glass, glass_columns_b, glass_columns_a, minmay_strange_pillars
D:8:      minmay_overflow_temple_star_quad, lair_0_dummy, serial_shops, shop
D:9:      orc_0_dummy
D:10:     cheibrodos_stairvault_heist
D:11:     basic_altar, the_bakery
Temple:   lightli_temple_of_artemis
Sewer:    sewer_fruit_machine

Action                   |  1- 3 |  4- 6 |  7- 9 | 10-12 || total
-------------------------+-------+-------+-------+-------++-------
Melee: Quarterstaff      |   104 |   284 |   411 |   270 ||  1069
Throw: Throwing net      |       |       |       |     3 ||     3
 Cast: Song of Slaying   |       |       |       |     1 ||     1
Invok: Heroism           |       |       |       |     1 ||     1
 Abil: Breathe Lightning |       |       |     3 |       ||     3
  Use: Scroll            |       |    16 |     3 |    11 ||    30
       Potion            |       |     1 |     4 |     6 ||    11
 Stab: Distracted        |     1 |       |       |       ||     1
       Sleeping          |       |     1 |       |     4 ||     5
       Invisible         |       |       |       |     7 ||     7
  Eat: Chunk             |     1 |     9 |    14 |    11 ||    35
       Pizza             |       |       |     1 |       ||     1
       Beef jerky        |       |       |       |     2 ||     2
       Meat ration       |       |       |       |     1 ||     1
       Royal jelly       |       |       |       |     1 ||     1
